 Dungeon Crawl Stone Soup version 0.30-a0-1160-g6e42c06551 (webtiles) character file.

Game seed: 1804506382452419578

3455 zazu2006 the Covert (level 10, -1/84 HPs)
             Began as a Naga Hedge Wizard on Apr 27, 2023.
             Was an Initiate of Vehumet.
             Slain by an orc warlord
             ... wielding a +7 battleaxe
              (15 damage)
             ... in a bailey.
             The game lasted 00:29:49 (10130 turns).

zazu2006 the Covert (Naga Hedge Wizard)            Turns: 10130, Time: 00:29:50

Health: -1/84      AC:  6    Str: 14    XL:     10   Next: 6%
Magic:  10/21      EV: 10    Int: 17    God:    Vehumet [......]
Gold:   432        SH:  0    Dex: 11    Spells: 16/24 levels left

rFire   . . .        a - +0 dagger (spect)
rCold   + . .        (no shield)
rNeg    . . .        B - +1 robe {rC+}
rPois   +            y - +0 helmet
rElec   .            (no cloak)
rCorr   .            (no gloves)
SInv    +            (no barding)
Will    +....        K - amulet of magic regeneration
Stlth   ++++         J - +4 ring of slaying
HPRegen 0.34/turn    q - ring of wizardry
MPRegen 0.57/turn

%: wizardry (x1)
@: on blink cooldown, very slow
A: AC +3, large, see invisible, deformed body, poison resistance, slowness 2,
spit poison 1, naga tail 1
a: Spit Poison, Renounce Religion


You were in a bailey.
You worshipped Vehumet.
Vehumet was noncommittal.
You visited 2 branches of the dungeon, and saw 8 of its levels.
You also visited: Sewer and Bailey.

You collected 432 gold pieces.

Inventory:

Hand Weapons
 a - a +0 spectral dagger (weapon)
Armour
 h - a +1 robe of positive energy
 y - a +0 helmet (worn)
 B - a +1 robe of cold resistance (worn)
Jewellery
 g - a +6 ring of dexterity
 i - an amulet of faith
 q - a ring of wizardry (right hand)
 C - a ring of willpower
 J - a +4 ring of slaying (left hand)
 K - an amulet of magic regeneration (around neck)
Wands
 F - a wand of digging (1)
 G - a wand of flame (4)
Scrolls
 c - 4 scrolls of fog
 j - 2 scrolls of poison
 k - 7 scrolls of teleportation
 p - 5 scrolls of enchant armour
 w - 2 scrolls of immolation
 D - a scroll of enchant weapon {unknown}
 L - 2 scrolls of summoning {unknown}
 M - a scroll of silence
Potions
 b - 3 potions of flight
 d - 4 potions of magic
 e - a potion of invisibility {unknown}
 f - a potion of resistance {unknown}
 l - 5 potions of brilliance {unknown}
 m - 3 potions of heal wounds
 n - 5 potions of mutation
 o - 4 potions of attraction {unknown}
 s - 3 potions of haste {unknown}
 u - 2 potions of cancellation {unknown}
 x - a potion of ambrosia {unknown}
 z - 2 potions of lignification {unknown}
 A - a potion of berserk rage {unknown}
 E - 2 potions of might {unknown}
 H - a potion of curing {unknown}
 I - a potion of degeneration {unknown}


   Skills:
 + Level 3.1 Fighting
 + Level 3.7 Dodging
 + Level 8.1 Stealth
 + Level 7.9 Spellcasting
 + Level 7.1 Conjurations
 + Level 1.0 Summonings
 + Level 2.5 Translocations
 + Level 1.8 Air Magic
 + Level 4.2 Poison Magic
 + Level 2.2 Evocations


You had 16 spell levels left.
You knew the following spells:

 Your Spells              Type           Power      Damage    Failure   Level
a - Magic Dart            Conj           100%       1d8       1%          1
b - Mephitic Cloud        Conj/Pois/Air  21%        N/A       2%          3
c - Poisonous Vapours     Pois/Air       34%        N/A       1%          2
d - Blink                 Tloc           30%        N/A       2%          2

Your spell library contained the following spells:

 Spells                   Type           Power      Damage    Failure   Level
 Freeze                   Ice            24%        1d4       4%          1
 Kiss of Death            Conj/Necr      72%        2d10      1%          1
 Momentum Strike          Conj/Tloc      46%        3d9       1%          2
 Cigotuvi's Dreadful Rot  Necr/Pois/Air  26%        N/A       2%          2
 Lesser Beckoning         Tloc           30%        N/A       2%          2
 Beastly Appendage        Tmut           12%        N/A       4%          1
 Slow                     Hex            24%        N/A       4%          1
 Call Imp                 Summ           20%        N/A       4%          2
 Spider Form              Tmut/Pois      13%        N/A       5%          3
 Wereblood                Tmut           6%         N/A       6%          2
 Portal Projectile        Hex/Tloc       20%        N/A       8%          3
 Call Canine Familiar     Summ           10%        N/A       9%          3
 Confusing Touch          Hex            6%         N/A       13%         3
 Freezing Cloud           Conj/Ice/Air   8%         6-21      32%         5
 Dispel Undead            Necr           6%         3d8       38%         4
 Leda's Liquefaction      Hex/Erth       3%         N/A       38%         4


Dungeon Overview and Level Annotations

Branches:
Dungeon (7/15)             Temple (1/1) D:4           Sewer (visited)
 Bailey (1/1)

Altars:
Ashenzari
Dithmenos
Elyvilon
Fedhas
Gozag
Hepliaklqana
Kikubaaqudgha
Makhleb
Nemelex Xobeh
Okawaru
Qazlal
Sif Muna
Trog
Uskayaw
Vehumet
Wu Jian
Xom
Yredelemnul
Zin
The Shining One

Shops:
D:3 *

Annotations:
D:3 2 transporters, patfeehan111222's ghost, amateur DsBe
D:5 1 runed translucent door, superbruh's ghost, amateur MiFi


Innate Abilities, Weirdness & Mutations

Your serpentine skin is tough. (AC +3)
You have supernaturally acute eyesight. (SInv)
Armour fits poorly on your strangely shaped body.
Your system is resistant to poisons. (rPois)
You cover ground very slowly.
You can spit poison.
You have a snake-like lower body.


Message History

Casting: Mephitic Cloud (mildly dangerous; 2% risk of failure)
Confirm with . or Enter, or press ? or * to list all spells.
Aiming: Mephitic Cloud (mildly dangerous; 2% risk of failure)
Press: ? - help, Shift-Dir - straight line, f - orc warlord
Aim: an orc warlord, wielding a +7 battleaxe and wearing a +0 plate armour (chance to affect: 29%)
The ball explodes into a vile cloud!
The stinking cloud engulfs the orc warlord but does no damage.
The orc warlord is engulfed in noxious fumes.
Casting: Mephitic Cloud (mildly dangerous; 2% risk of failure)
Confirm with . or Enter, or press ? or * to list all spells.
Aiming: Mephitic Cloud (mildly dangerous; 2% risk of failure)
Press: ? - help, Shift-Dir - straight line, f/p - orc warlord
Aim: an orc warlord, wielding a +7 battleaxe and wearing a +0 plate armour (noxious fumes, chance to affect: 29%)
The ball explodes into a vile cloud!
The stinking cloud engulfs the orc warlord but does no damage.
The orc warlord is engulfed in noxious fumes.
The orc warlord is engulfed in noxious fumes.
The orc warlord hits you with a +7 battleaxe!!
The orc warlord attacks as you move away!
The orc warlord closely misses you.
Casting: Mephitic Cloud (mildly dangerous; 2% risk of failure)
Confirm with . or Enter, or press ? or * to list all spells.
You blink.
Casting: Blink (safe; 2% risk of failure)
Confirm with . or Enter, or press ? or * to list all spells.
Aiming: Mephitic Cloud (mildly dangerous; 2% risk of failure)
Press: ? - help, Shift-Dir - straight line, f/p - orc warlord
Aim: an orc warlord, wielding a +7 battleaxe and wearing a +0 plate armour (chance to affect: 29%)
The ball explodes into a vile cloud!
The stinking cloud engulfs the orc warlord but does no damage.
The stinking cloud engulfs you but does no damage.
The orc warlord is engulfed in noxious fumes.
The orc warlord hits you with a +7 battleaxe!!
Unknown command.
The orc warlord attacks as you move away!
The orc warlord hits you with a +7 battleaxe!
* * * LOW HITPOINT WARNING * * *
The orc warlord is engulfed in noxious fumes.
The orc warlord hits you with a +7 battleaxe!
You die...

♣♣♣ ♣♣♣∩♣♣♣
♣♣♣.....♣♣♣#####
#.........##...##
##.......##.....## ≈≈♣♣
.##~~~~~##...8..@##≈≈≈♣
..#~~~~~#.......o○##≈≈♣
..#~~~~)#........○○#≈≈♣
..'.....'....8..8☼○#≈≈♣
..#########.....§..#≈≈♣
###~~~#~~~##(..(..##≈≈♣
~~#~.....=~#.....##...♣
~........!~#....##....♣
~8.8...8.8##..))#(....♣♣


You could see an orc warlord.

Vanquished Creatures
  An orc knight (Bailey)
  Grinder (D:4)
  An ice beast (D:5)
  4 orc warriors (Bailey)
  3 black bears
  2 ogres
  A centaur (D:7)
  2 phantoms
  Blork the orc (D:4)
  5 scorpions
  2 bullfrogs (Sewer)
  A kobold brigand (D:6)
  3 wights (D:6)
  4 howler monkeys
  3 jellies
  5 hounds
  2 orc priests (D:3)
  A sleepcap (D:6)
  4 orc wizards
  3 iguanas
  Robin (D:4)
  4 gnolls
  12 adders
  3 river rats (Sewer)
  6 dart slugs
  3 worms
  15 orcs
  7 endoplasms
  9 giant cockroaches
  22 goblins
  15 hobgoblins
  A jackal (D:2)
  2 quokkas (D:1)
  16 ball pythons
  4 bats
  6 frilled lizards
  18 kobolds
  22 rats
  A spectral weapon (Bailey)
216 creatures vanquished.

Notes
Turn   | Place    | Note
-------+----------+-------------------------------------------
     0 | D:1      | zazu2006 the Naga Hedge Wizard began the quest for the Orb.
     0 | D:1      | Reached XP level 1. HP: 15/15 MP: 4/4
   422 | D:1      | Reached XP level 2. HP: 22/22 MP: 3/6
  1327 | D:2      | Reached XP level 3. HP: 28/28 MP: 1/8
  1331 | D:2      | Learned a level 3 spell: Mephitic Cloud
  1334 | D:2      | Learned a level 2 spell: Blink
  2357 | D:2      | Found a faded altar of an unknown god.
  2591 | D:3      | Reached XP level 4. HP: 31/36 MP: 1/10
  2670 | D:3      | Found a transporter.
  2679 | D:3      | Found a glowing drain.
  2737 | D:3      | Reached skill level 1 in Poison Magic
  2737 | D:3      | Reached XP level 5. HP: 23/43 MP: 3/11
  2752 | Sewer    | Entered a sewer
  3386 | Sewer    | Reached XP level 6. HP: 50/50 MP: 5/12
  3513 | Sewer    | Reached skill level 4 in Stealth
  3821 | D:3      | Noticed a black bear
  3836 | D:3      | Killed a black bear
  3837 | D:3      | Reached skill level 5 in Spellcasting
  3837 | D:3      | Reached XP level 7. HP: 34/56 MP: 11/14
  4230 | D:3      | Found a transporter.
  4230 | D:3      | Noticed patfeehan111222's ghost (amateur DsBe)
  4693 | D:3      | Found Hoxo's Assorted Antiques.
  4893 | D:4      | Noticed Grinder
  5059 | D:4      | Noticed Blork the orc
  5314 | D:4      | Noticed Robin
  5328 | D:4      | Killed Robin
  5363 | D:4      | Reached skill level 5 in Stealth
  5470 | D:4      | Reached skill level 1 in Fighting
  5493 | D:4      | Killed Blork the orc
  5494 | D:4      | Reached XP level 8. HP: 47/64 MP: 11/16
  5566 | D:4      | Found a staircase to the Ecumenical Temple.
  5573 | Temple   | Entered the Ecumenical Temple
  6103 | D:4      | Killed Grinder
  6364 | D:4      | Found a faded altar of an unknown god.
  6364 | D:4      | Found a hazy altar of Hepliaklqana.
  6366 | D:4      | Found a faded altar of an unknown god.
  6408 | D:5      | Entered Level 5 of the Dungeon
  6615 | D:5      | Noticed superbruh's ghost (amateur MiFi)
  6617 | D:5      | Found a runed translucent door.
  6635 | D:5      | Reached skill level 5 in Conjurations
  6989 | D:5      | Found a shimmering blue altar of Sif Muna.
  7295 | D:5      | Reached skill level 6 in Stealth
  7295 | D:5      | Reached XP level 9. HP: 70/73 MP: 7/19
  8177 | D:6      | Reached skill level 1 in Air Magic
  8178 | D:6      | Found a burning altar of Makhleb.
  8363 | D:6      | Found a radiant altar of Vehumet.
  8369 | D:6      | Became a worshipper of Vehumet
  8482 | D:6      | Reached skill level 1 in Evocations
  8520 | D:6      | Found a sparkling altar of Nemelex Xobeh.
  8537 | D:6      | Found a stormy altar of Qazlal.
  8919 | D:7      | Reached skill level 7 in Stealth
  8981 | D:7      | Found a flagged portal.
  9001 | Bailey   | Entered a bailey
  9052 | Bailey   | Noticed an orc warlord
  9116 | Bailey   | Noticed an orc knight
  9184 | Bailey   | Reached * piety under Vehumet
  9184 | Bailey   | Offered knowledge of Freeze by Vehumet.
  9342 | Bailey   | Killed an orc knight
  9343 | Bailey   | Reached skill level 8 in Stealth
  9343 | Bailey   | Reached XP level 10. HP: 20/84 MP: 15/21
  9558 | Bailey   | Found a runed translucent gate.
  9561 | Bailey   | Found a runed translucent gate.
  9562 | Bailey   | Found a runed translucent gate.
  9772 | Bailey   | Learned a level 2 spell: Poisonous Vapours
 10130 | Bailey   | Slain by an orc warlord

Illustrated notes

Levels and vault maps discovered:
D:1:      grunt_arrival_lava_bath, layout_loops_ring, serial_forest,
          infiniplex_forest_lined_3_way, infiniplex_forest_fountain,
          infiniplex_forest_end_2, infiniplex_forest_corner_2,
          infiniplex_forest_lined_2, minmay_misc_feat_x
D:2:      layout_loops_ring, hellmonk_ecumenical_altar_heavens_door,
          minmay_unequal
D:3:      layout_loops_ring, gammafunk_ghost_mausoleum, portal_sewer_entry_b,
          serial_shops, shop, grunt_ministairs_6
D:4:      nicolae_cairo_tiling_large, layout_cave_pools,
          nicolae_hepliaklqana_ecumenical_no_more, minmay_temple_entry_arrows,
          minmay_fractal_squares_gapless_5, uniq_grinder, uniq_blork_the_orc,
          uniq_robin
D:5:      layout_rooms, kennysheep_orc_sif_temple,
          hellmonk_ghost_happy_afterlife, nicolae_eternal_life,
          minmay_misc_feat_iff, kennysheep_generic_room_15
D:6:      layout_basic, nicolae_overflow_quartered_altars
D:7:      layout_loops_ring, enter_bailey_1, kennysheep_pointless_box
Temple:   compressed_dpeg_circular_temple
Bailey:   bailey_axe_bossmonster_kennysheep, bailey

Skill      XL: |  1  2  3  4  5  6  7  8  9 |
---------------+----------------------------+-----
Dodging        | 2 3 |  3.7
Spellcasting   | 4 5 6 7 |  7.9
Conjurations   | 2 3 4 5 7 |  7.1
Poison Magic   | 1 3 4 |  4.2
Translocations | 2 |  2.5
Stealth        | 4 5 6 8 |  8.1
Fighting       | 1 2 3 |  3.1
Air Magic      | 1 |  1.8
Evocations     | 2 |  2.2
Summonings     | |  1.0

Action                     |  1- 3 |  4- 6 |  7- 9 | 10-12 || total
---------------------------+-------+-------+-------+-------++-------
  Melee: Dagger            |    32 |    43 |   160 |       ||   235
         Punch             |       |     1 |     2 |       ||     3
   Cast: Magic Dart        |   102 |    96 |   283 |     1 ||   482
         Blink             |     4 |       |     5 |     4 ||    13
         Mephitic Cloud    |       |     5 |    32 |    15 ||    52
         Poisonous Vapours |       |       |       |     1 ||     1
Ability: Spit Poison       |    20 |    13 |    36 |       ||    69
  Evoke: Wand              |       |       |    17 |       ||    17
    Use: Scroll            |       |     1 |     9 |     3 ||    13
         Potion            |       |       |     3 |       ||     3
   Stab: Confused          |       |     5 |    19 |       ||    24
         Sleeping          |       |       |     2 |       ||     2
 Armour: Robe              |    12 |    17 |    64 |       ||    93
  Dodge: Dodged            |    20 |    31 |   166 |     1 ||   218

Table legend: (Time is in decaauts)
 A = Elapsed time spent in this place.
 B = Non-inter-level travel time spent in this place.
 C = Inter-level travel time spent in this place.
 D = Time resting spent in this place.
 E = Time spent auto-exploring this place.
 F = Levels seen in this place.
 G = Mean time per level.
                   A        B        C        D        E       F      G
               +--------+--------+--------+--------+--------+-----+--------+
         Total |  12162 |  11732 |    430 |    288 |   8787 |  10 | 1216.2 |
       Dungeon |   9645 |   9269 |    376 |     89 |   7426 |   7 | 1377.9 |
        Temple |    183 |    130 |     53 |      0 |    113 |   1 |  183.0 |
         Sewer |    990 |    990 |      0 |     32 |    812 |   1 |  990.0 |
        Bailey |   1343 |   1343 |      0 |    167 |    434 |   1 | 1343.0 |
               +--------+--------+--------+--------+--------+-----+--------+

Top non-repeatable levels by time:
     D:5: 1747 daAuts
     D:3: 1712 daAuts
     D:1: 1681 daAuts
     D:4: 1615 daAuts
     D:2: 1496 daAuts
  Bailey: 1343 daAuts
     D:6: 1236 daAuts
   Sewer: 990 daAuts
  Temple: 183 daAuts
     D:7: 155 daAuts
